[Event "Titled Tuesday Blitz December 13 Late 2022"]
[White "Timmermans, Mark"]
[Black "Sjugirov, Sanan"]
[WhiteFideId "1026399"]
[BlackFideId "4189302"]
[WhiteElo "2460"]
[BlackElo "2613"]
[Result "1/2-1/2"]
[Round "08"]
[TimeControl "180+1"]
[Date "2022.12.13"]
[WhiteClock "0:00:07"]
[BlackClock "0:00:05"]

1. b4 d5 2. Bb2 Bf5 3. e3 e6 4. c4 Nf6 5. b5 Be7 6. a4 O-O 7. Nf3 Nbd7 8. Be2 h6 9. O-O a5 10. Nc3 Nb6 11. cxd5 exd5 12. Qb3 Re8 13. Rac1 Bd6 14. Ba3 Qe7 15. Bxd6 Qxd6 16. d3 Re7 17. Nd4 Bg6 18. Rfd1 Rae8 19. h3 Nfd7 20. Bf3 Ne5 21. Bxd5 Nxd3 22. Ra1 Qb4 23. Bxb7 Nc5 24. Qxb4 axb4 25. Nd5 Nxb7 26. Nxe7+ Rxe7 27. a5 Nxa5 28. Rxa5 Rd7 29. Rd2 Nc4 30. Ra8+ Kh7 31. Rda2 Rxd4 32. exd4 b3 33. Re2 b2 34. Rxb2 Nxb2 35. Ra7 Bd3 36. Rxc7 Na4 37. Rxf7 Bxb5 38. d5 Nc5 39. d6 Nd7 40. Re7 Kg6 41. f4 Kf6 42. Kf2 Nc5 43. Ke3 g5 44. g3 gxf4+ 45. gxf4 Nd7 46. Kd4 Bc6 47. h4 Kf5 48. Rf7+ Ke6 49. Rh7 Kxd6 50. Rxh6+ Kc7 51. h5 Ba4 52. Ra6 Bc2 53. h6 Kd8 54. Kd5 Ke7 55. Ra7 Bh7 56. Kd4 Ke6 57. Ke3 Bg6 58. Kf3 Nf6 59. Ra6+ Kf7 60. Rxf6+ Kxf6 61. f5 Kxf5 62. h7 Bxh7 1/2-1/2


[Site "https://www.chess.com"]

[Event "Titled Tuesday Blitz December 13 Late 2022"]
[White "Topalov, Aleksandar"]
[Black "O`Gorman, Tom"]
[WhiteFideId "925659"]
[BlackFideId "2508249"]
[WhiteElo "2151"]
[BlackElo "2271"]
[Result "1/2-1/2"]
[Round "08"]
[TimeControl "180+1"]
[Date "2022.12.14"]
[WhiteClock "0:00:55"]
[BlackClock "0:00:11"]

1. b3 e5 2. Bb2 Nc6 3. c4 Nf6 4. e3 d5 5. cxd5 Nxd5 6. a3 Bd6 7. Qc2 O-O 8. Nf3 Qe7 9. d3 f5 10. Nbd2 Kh8 11. g3 f4 12. gxf4 exf4 13. e4 Nf6 14. Rg1 Bg4 15. h3 Bh5 16. b4 a6 17. Be2 Rad8 18. d4 Bxf3 19. Bxf3 Rfe8 20. Kf1 Qd7 21. e5 Nxd4 22. Bxd4 Bxe5 23. Bxe5 Rxe5 24. Nc4 Ree8 25. Kg2 c6 26. Rge1 Qd4 27. Rxe8+ Rxe8 28. Rd1 Qa7 29. Nd6 Rf8 30. Qc4 h6 31. Nf7+ Kh7 32. Rd8 Rxd8 33. Nxd8 Qb8 34. Qd3+ Kg8 35. Ne6 Qe5 36. Qd8+ Kf7 37. Nc5 b6 38. Nxa6 Qg5+ 39. Kh2 Qh4 40. Qd2 g5 41. Qa2+ Kg6 42. Qc2+ Kg7 43. Qe2 h5 44. Qe7+ Kg8 45. Qxf6 Qxf2+ 46. Bg2 Qg3+ 47. Kh1 Qe1+ 48. Kh2 Qg3+ 49. Kg1 Qe1+ 50. Bf1 Qg3+ 51. Bg2 Qe1+ 52. Kh2 Qg3+ 1/2-1/2


[Site "https://www.chess.com"]

[Event "Titled Tuesday Blitz December 13 Late 2022"]
[White "Torres Boch, Jose Francisco"]
[Black "Winterberg, Lukas"]
[WhiteFideId "2278383"]
[BlackFideId "24622702"]
[WhiteElo "2073"]
[BlackElo "2350"]
[Result "0-1"]
[Round "08"]
[TimeControl "180+1"]
[Date "2022.12.14"]
[WhiteClock "0:00:56"]
[BlackClock "0:00:35"]

1. e4 g6 2. d4 Bg7 3. Nc3 c5 4. Nf3 cxd4 5. Nxd4 Nc6 6. Be3 Nf6 7. Bc4 O-O 8. Bb3 Ng4 9. Qxg4 Nxd4 10. Bxd4 Bxd4 11. O-O Bg7 12. Rad1 Qa5 13. Nd5 e6 14. Ne7+ Kh8 15. c3 Rd8 16. Qh4 b5 17. Nxc8 Raxc8 18. Qe7 Rf8 19. Rxd7 a6 20. Rfd1 Qb6 21. R1d6 Qc5 22. Bxe6 Rce8 23. Qh4 Rxe6 24. Rd5 Qc4 25. f3 Qxa2 26. Rd2 b4 27. Qf4 bxc3 28. Rxf7 Rf6 29. Rxf8+ Rxf8 0-1


[Site "https://www.chess.com"]

[Event "Titled Tuesday Blitz December 13 Late 2022"]
[White "Vargas, Mauricio"]
[Black "Campelo, Leandro Fabricio"]
[WhiteFideId "4404572"]
[BlackFideId "2103346"]
[WhiteElo "2025"]
[BlackElo "2070"]
[Result "1-0"]
[Round "08"]
[TimeControl "180+1"]
[Date "2022.12.14"]
[WhiteClock "0:01:52"]
[BlackClock "0:00:14"]

1. e4 c5 2. Nc3 e6 3. f4 Nc6 4. Nf3 g6 5. Bb5 Nge7 6. O-O Bg7 7. d3 d6 8. Qe1 O-O 9. Ne2 a6 10. Ba4 b5 11. Bb3 Nd4 12. Nexd4 cxd4 13. Qh4 d5 14. f5 exf5 15. Bh6 f6 16. Rae1 Bxh6 17. Qxh6 Bb7 18. e5 Rf7 19. exf6 Nc6 20. Ng5 Qf8 21. Qh4 Na5 22. Nxf7 Qxf7 23. Re7 1-0


[Site "https://www.chess.com"]

[Event "Titled Tuesday Blitz December 13 Late 2022"]
[White "Vasquez Schroeder, Rodrigo"]
[Black "Bortnyk, Olexandr"]
[WhiteFideId "3400042"]
[BlackFideId "14120828"]
[WhiteElo "2603"]
[BlackElo "2723"]
[Result "1-0"]
[Round "08"]
[TimeControl "180+1"]
[Date "2022.12.13"]
[WhiteClock "0:00:46"]
[BlackClock "0:00:05"]

1. d4 d6 2. e4 Nf6 3. Nc3 e5 4. Nf3 Nbd7 5. Bc4 Be7 6. O-O c6 7. a4 Qc7 8. Re1 h6 9. b3 Nf8 10. Bb2 Ng6 11. h3 O-O 12. Qd2 Nh7 13. Rad1 Ng5 14. Nxg5 Bxg5 15. Qd3 Qe7 16. Ba3 Nf4 17. Qf1 Rd8 18. Ne2 exd4 19. Nxf4 Bxf4 20. Rxd4 Qg5 21. Kh1 Be5 22. Rd3 Qh4 23. f4 Bxf4 24. Rf3 g5 25. g3 Bxg3 26. Rxf7 Qxh3+ 27. Qxh3 Bxh3 28. Rf3+ d5 29. Rxg3 dxc4 30. Rxh3 cxb3 31. Rxb3 b6 32. Rd3 Kf7 33. Rf1+ Kg6 34. Bb2 Rxd3 35. cxd3 c5 36. Rf6+ Kh5 37. Rd6 Re8 38. Kg2 Kg4 39. Rxh6 Rd8 40. Rh3 c4 41. Rg3+ Kf4 42. Bc1+ Ke5 43. Kf2 Rxd3 44. Rxd3 cxd3 45. Ke3 g4 46. Bb2+ Kd6 47. Kxd3 a6 48. Bd4 b5 49. axb5 axb5 50. Ke3 b4 51. Kf4 b3 52. Kxg4 Kc6 53. Kf4 Kb5 54. e5 Kc4 55. Ke4 1-0


[Site "https://www.chess.com"]

[Event "Titled Tuesday Blitz December 13 Late 2022"]
[White "Vlassov, Nikolai"]
[Black "Arkell, Keith C"]
[WhiteFideId "4103360"]
[BlackFideId "400270"]
[WhiteElo "2324"]
[BlackElo "2356"]
[Result "1/2-1/2"]
[Round "08"]
[TimeControl "180+1"]
[Date "2022.12.14"]
[WhiteClock "0:00:20"]
[BlackClock "0:01:15"]

1. e4 c6 2. d4 d5 3. e5 c5 4. dxc5 Nc6 5. Bb5 e6 6. Be3 Bd7 7. Bxc6 Bxc6 8. Nf3 Ne7 9. O-O Nf5 10. Bd4 Nxd4 11. Qxd4 a5 12. c3 a4 13. Nbd2 Ra5 14. b4 axb3 15. Nxb3 Ra4 16. Qd3 Be7 17. Nfd4 O-O 18. f4 g6 19. g4 Qa8 20. Rf2 Qa6 21. Qxa6 Rxa6 22. f5 exf5 23. gxf5 Rfa8 24. f6 Bf8 25. e6 fxe6 26. f7+ Kh8 27. Nxe6 Bd7 28. Nxf8 Rxf8 29. Nd4 Kg7 30. Rb1 Bc8 31. Rb6 Ra5 32. c6 bxc6 33. Rxc6 Bf5 34. Nxf5+ gxf5 35. Rxf5 Rxf7 36. Rg5+ Kf8 37. Rc8+ Ke7 38. Rc7+ Kf6 39. Rxf7+ Kxg5 40. Rxh7 Rxa2 41. Rh3 Rc2 42. Rd3 Kg4 43. h3+ Kf4 44. Rxd5 Rxc3 45. Kg2 Rc2+ 46. Kg1 Kg3 47. Rd3+ Kh4 48. Re3 Rb2 49. Rd3 Rc2 50. Re3 Rb2 51. Rc3 Ra2 52. Rb3 Rc2 53. Ra3 Rd2 54. Rb3 Rc2 55. Ra3 Rd2 56. Rb3 Rc2 1/2-1/2


[Site "https://www.chess.com"]

[Event "Titled Tuesday Blitz December 13 Late 2022"]
[White "Winkels, Marcel"]
[Black "Steenbekkers, Franck"]
[WhiteFideId "1003887"]
[BlackFideId "1004220"]
[WhiteElo "1900"]
[BlackElo "1938"]
[Result "0-1"]
[Round "08"]
[TimeControl "180+1"]
[Date "2022.12.14"]
[WhiteClock "0:01:22"]
[BlackClock "0:01:39"]

1. d4 Nf6 2. c4 g6 3. h4 c5 4. d5 e6 5. Nc3 exd5 6. cxd5 d6 7. e4 a6 8. a4 Nbd7 9. Nf3 Bg7 10. Bd3 Ng4 11. Bg5 Bf6 12. O-O h6 13. Bxf6 Qxf6 14. Re1 Nde5 15. Nxe5 Qxe5 16. g3 g5 17. h5 Qd4 18. Be2 Qxf2+ 0-1


[Site "https://www.chess.com"]

[Event "Titled Tuesday Blitz December 13 Late 2022"]
[White "Xiong, Jeffery"]
[Black "Gorodetzky, David"]
[WhiteFideId "2047640"]
[BlackFideId "2813416"]
[WhiteElo "2726"]
[BlackElo "2484"]
[Result "1-0"]
[Round "08"]
[TimeControl "180+1"]
[Date "2022.12.13"]
[WhiteClock "0:01:24"]
[BlackClock "0:01:11"]

1. e4 e5 2. Nf3 Nc6 3. Nc3 Nf6 4. d4 exd4 5. Nxd4 Bb4 6. Nxc6 bxc6 7. Bd3 O-O 8. O-O d5 9. exd5 cxd5 10. h3 c6 11. Qf3 Rb8 12. Bf4 Bd6 13. b3 h6 14. Rfe1 Rb4 15. Ne2 Bxf4 16. Nxf4 Qd6 17. c4 a5 18. Rad1 d4 19. Nh5 Nxh5 20. Qxh5 Be6 21. Re5 a4 22. Bc2 axb3 23. axb3 Bd7 24. Ra5 Rd8 25. Qh4 Be6 26. Rxd4 1-0


[Site "https://www.chess.com"]

[Event "Titled Tuesday Blitz December 13 Late 2022"]
[White "Yoo, Christopher Woojin"]
[Black "Rodriguez Fontecha, Marcos"]
[WhiteFideId "30909694"]
[BlackFideId "2256576"]
[WhiteElo "2463"]
[BlackElo "2263"]
[Result "1-0"]
[Round "08"]
[TimeControl "180+1"]
[Date "2022.12.13"]
[WhiteClock "0:01:09"]
[BlackClock "0:00:11"]

1. e4 e6 2. d3 d5 3. Nd2 Nf6 4. Ngf3 Nc6 5. c3 a5 6. e5 Nd7 7. d4 f6 8. exf6 Qxf6 9. Bb5 Bd6 10. O-O O-O 11. Re1 e5 12. Qb3 Nb6 13. Bxc6 bxc6 14. dxe5 Bxe5 15. Rxe5 Bg4 16. h3 Bd7 17. Qd1 Rae8 18. Qe2 Qg6 19. Kh2 Qd6 20. Kh1 a4 21. b3 a3 22. c4 dxc4 23. Nxc4 Nxc4 24. Qxc4+ Kh8 25. Rxe8 Rxe8 26. Bf4 Qf6 27. Rd1 Bf5 28. Be5 Qh6 29. Qf7 Bg6 30. Qxc7 Qh5 31. Qxg7# 1-0


[Site "https://www.chess.com"]

[Event "Titled Tuesday Blitz December 13 Late 2022"]
[White "Zhu, Jiner"]
[Black "Floresvillar Gonzalez, Luis Migu"]
[WhiteFideId "8608059"]
[BlackFideId "5100542"]
[WhiteElo "2384"]
[BlackElo "2040"]
[Result "1-0"]
[Round "08"]
[TimeControl "180+1"]
[Date "2022.12.14"]
[WhiteClock "0:01:00"]
[BlackClock "0:00:09"]

1. g3 d5 2. Bg2 c6 3. h4 Bf5 4. d4 e6 5. Nh3 Bd6 6. O-O h6 7. Nf4 Ne7 8. h5 g5 9. hxg6 Nxg6 10. Nxg6 Bxg6 11. Nd2 Nd7 12. e4 dxe4 13. Nxe4 Bxe4 14. Bxe4 Qc7 15. Qf3 O-O-O 16. b4 f5 17. Bd3 Rdg8 18. b5 Bxg3 19. Kh1 Bd6 20. bxc6 Qxc6 21. Qxc6+ bxc6 22. Bc4 Rg6 23. Re1 Re8 24. Bd2 Nb6 25. Bd3 Kd7 26. c4 Bf8 27. a4 Bg7 28. a5 Nc8 29. Rab1 Bxd4 30. Rb7+ Kd6 31. Bxf5 Rf6 32. Bh3 Rxf2 33. Bxh6 Rh8 34. Rxe6+ Kc5 35. Rc7 Nd6 36. Bg2 Rxg2 37. Kxg2 Rg8+ 38. Kf3 a6 39. Bf4 Rd8 40. Ke2 Bc3 41. Rxd6 Rxd6 42. Bxd6+ Kxd6 43. Ra7 Bxa5 44. Rxa6 Bb4 45. Kd3 Kd7 46. Ra8 c5 47. Ke4 Kd6 48. Rg8 Bc3 49. Rg6+ Ke7 50. Kd5 Bd4 51. Ra6 Kd7 52. Ra7+ Kc8 53. Kc6 Kb8 54. Rb7+ Kc8 55. Rf7 Kd8 56. Rf8+ Ke7 57. Rc8 Ke6 58. Re8+ Kf7 59. Re4 Kf6 60. Kd6 Kf7 61. Kd5 Kf6 62. Rxd4 cxd4 63. Kxd4 Ke7 64. Kc5 Kd7 65. Kb6 Kc8 66. c5 Kb8 67. c6 Kc8 68. c7 Kd7 69. Kb7 1-0


[Site "https://www.chess.com"]

[Event "Titled Tuesday Blitz December 13 Late 2022"]
[White "Andrews, Todd"]
[Black "Rustemov, Alexander"]
[WhiteFideId "2012456"]
[BlackFideId "4119002"]
[WhiteElo "2397"]
[BlackElo "2782"]
[Result "0-1"]
[Round "09"]
[TimeControl "180+1"]
[Date "2022.12.13"]
[WhiteClock "0:00:02"]
[BlackClock "0:00:16"]

1. e4 e6 2. d3 c5 3. Nf3 Nc6 4. g3 g6 5. Bg2 Bg7 6. O-O Nge7 7. Re1 O-O 8. c3 e5 9. Nbd2 d6 10. Nc4 h6 11. a4 Bg4 12. h3 Be6 13. Ne3 Qd7 14. Kh2 f5 15. Nd2 f4 16. Nd5 g5 17. Nc4 Ng6 18. a5 Rf7 19. Qh5 Kh7 20. Bd2 Raf8 21. gxf4 exf4 22. Rg1 Nce5 23. Nxe5 Nxe5 24. d4 cxd4 25. cxd4 Nc6 26. Bf1 Kg8 27. Bd3 Nxd4 28. Bc3 g4 29. Kh1 Nf3 30. Rg2 Bxc3 31. bxc3 Ne5 32. Bc2 Rg7 33. Rag1 Bxd5 34. exd5 Qf7 35. Qxh6 Qf6 36. Qh5 Qg5 37. Bh7+ Kh8 38. Qxg5 Rxg5 39. Be4 Rh5 40. Rh2 gxh3 41. f3 Rg8 42. Rb1 Rg7 43. a6 b6 44. c4 Kg8 45. c5 dxc5 46. d6 Kf8 47. Rd1 Rd7 48. Kg1 Kf7 49. Kf2 Ke6 50. Bd5+ Kxd6 51. Bf7+ Kc6 52. Rxd7 Kxd7 53. Bxh5 b5 54. Rxh3 Kc6 55. Rh1 c4 56. Rd1 b4 57. Be8+ Kc5 58. Ba4 b3 59. Rd8 Kb4 0-1


[Site "https://www.chess.com"]

[Event "Titled Tuesday Blitz December 13 Late 2022"]
[White "Antonova, Nadezhda"]
[Black "Winkels, Marcel"]
[WhiteFideId "14700182"]
[BlackFideId "1003887"]
[WhiteElo "1814"]
[BlackElo "1900"]
[Result "1-0"]
[Round "09"]
[TimeControl "180+1"]
[Date "2022.12.14"]
[WhiteClock "0:00:03"]
[BlackClock "0:00:03"]

1. Nf3 Nf6 2. b3 g6 3. Bb2 Bg7 4. g3 c5 5. Bg2 O-O 6. O-O Nc6 7. c4 a5 8. Nc3 d6 9. d3 Bd7 10. Rb1 Qc8 11. Re1 Bh3 12. Bh1 e5 13. e3 h6 14. Nd2 Bg4 15. Qc2 Nb4 16. Qc1 Nxd3 17. Qc2 Nxe1 18. Rxe1 Nh5 19. Nb5 Qd8 20. Ne4 Bf5 21. Rd1 Bxe4 22. Bxe4 f5 23. Rxd6 Qe7 24. Bd5+ Kh7 25. Rb6 Rab8 26. Qd2 f4 27. Nd6 Rf6 28. Bf3 Rd8 29. Bxh5 Rfxd6 30. Rxd6 Rxd6 31. Qc2 fxe3 32. fxe3 Qd7 33. Bc3 Rd3 34. Be2 Rd6 35. Bxa5 Qf5 36. e4 Qf6 37. Bc3 Qf7 38. Be1 Rf6 39. a4 Rd6 40. a5 Qd7 41. Bc3 Rd4 42. Bxd4 Qxd4+ 43. Kg2 h5 44. Qd1 Bh6 45. Qxd4 exd4 46. Kf3 Kg7 47. e5 Kf7 48. Ke4 Ke6 49. Bd3 Bg7 50. h3 Bxe5 51. g4 h4 52. g5 Bg3 53. Be2 1-0


[Site "https://www.chess.com"]

[Event "Titled Tuesday Blitz December 13 Late 2022"]
[White "Arbunic Castro, Giovanna"]
[Black "Burke, Paul"]
[WhiteFideId "3400549"]
[BlackFideId "2605767"]
[WhiteElo "1950"]
[BlackElo "1924"]
[Result "1-0"]
[Round "09"]
[TimeControl "180+1"]
[Date "2022.12.14"]
[WhiteClock "0:00:17"]
[BlackClock "0:00:01"]

1. e4 e5 2. d4 exd4 3. Qxd4 Nc6 4. Qe3 d6 5. c4 Be7 6. Nc3 Nf6 7. Bd2 O-O 8. O-O-O a6 9. f3 b5 10. cxb5 axb5 11. Bxb5 Bd7 12. g4 Ne5 13. Be2 Be6 14. g5 Ne8 15. b3 Qb8 16. Kb2 c5 17. f4 Nc4+ 18. Bxc4 Bxc4 19. Nd5 Bxd5 20. exd5 c4 21. Qxe7 cxb3 22. axb3 Qb6 23. Nf3 Rb8 24. b4 Nc7 25. Qe3 Qb5 26. Nd4 Qxd5 27. Bc3 Rfe8 28. Qd3 Qb7 29. Nf5 Na6 30. Nxd6 Qb6 31. Nxe8 Nxb4 32. Qd4 Nd3+ 33. Kc2 Qb3+ 34. Kxd3 Rxe8 35. Qxg7# 1-0


[Site "https://www.chess.com"]

[Event "Titled Tuesday Blitz December 13 Late 2022"]
[White "Arkell, Keith C"]
[Black "Przybylski, Wojciech"]
[WhiteFideId "400270"]
[BlackFideId "1117599"]
[WhiteElo "2356"]
[BlackElo "2217"]
[Result "1/2-1/2"]
[Round "09"]
[TimeControl "180+1"]
[Date "2022.12.14"]
[WhiteClock "0:00:09"]
[BlackClock "0:00:04"]

1. d4 Nf6 2. Nf3 e6 3. c4 b6 4. g3 Ba6 5. b3 Bb4+ 6. Bd2 Be7 7. Bc3 O-O 8. Nbd2 d5 9. Bg2 c6 10. Ne5 Nfd7 11. Nd3 Bb7 12. e4 dxe4 13. Nxe4 Qc7 14. O-O Nf6 15. Qe2 Nbd7 16. Rad1 Rad8 17. Rfe1 Rfe8 18. b4 c5 19. dxc5 bxc5 20. Nxf6+ Nxf6 21. Bxf6 Bxf6 22. Bxb7 Qxb7 23. bxc5 Bd4 24. Rb1 Qc7 25. Qe4 Bxc5 26. Rb7 Qd6 27. Nxc5 Qxc5 28. Re3 Rd4 29. Qf3 Rf8 30. Rc3 e5 31. Qe2 Rfd8 32. Rc1 e4 33. Qe3 h6 34. Kg2 Qc6 35. Rxa7 Rd3 36. Qf4 e3+ 37. f3 Rd2+ 38. Kh3 Qe6+ 39. g4 e2 40. Re1 R2d4 41. Qf5 Qxf5 42. gxf5 Rd2 43. Re7 Rxa2 44. R7xe2 Rxe2 45. Rxe2 Rd4 46. Rc2 Kf8 47. Kg3 Ke7 48. Kf2 Kd6 49. Ke3 Kc5 50. Ra2 Rxc4 51. Ra7 Kd5 52. Rxf7 Ke5 53. Rxg7 Kxf5 54. Kf2 Rh4 55. Kg3 Rc4 56. h4 Kf6 57. Rg8 Rc5 58. Kg4 Kf7 59. Rd8 h5+ 60. Kf4 Kg6 61. Rd6+ Kg7 62. Re6 Rb5 63. Re5 Rb4+ 64. Kg5 Rb3 65. f4 Rg3+ 66. Kxh5 Kf6 67. Rg5 Rf3 68. Rg8 Kf7 69. Ra8 Rxf4 70. Kg5 Rd4 71. h5 Rd5+ 72. Kh6 Re5 73. Rb8 Rd5 74. Rh8 Re5 75. Rd8 Rc5 76. Rh8 Rb5 77. Rh7+ Kg8 78. Re7 Rb6+ 79. Kg5 Kh8 80. Rf7 Ra6 81. Rf8+ Kh7 82. Rf5 Rb6 83. Re5 Kg8 84. Rf5 Ra6 85. Rf6 Rxf6 86. Kxf6 Kh7 87. Ke7 Kh6 88. Kd8 Kxh5 1/2-1/2


[Site "https://www.chess.com"]

[Event "Titled Tuesday Blitz December 13 Late 2022"]
[White "Banzea, Alexandru-Bogdan"]
[Black "Al-Tarboush, Ward"]
[WhiteFideId "1232622"]
[BlackFideId "7601450"]
[WhiteElo "2294"]
[BlackElo "2263"]
[Result "1-0"]
[Round "09"]
[TimeControl "180+1"]
[Date "2022.12.14"]
[WhiteClock "0:00:04"]
[BlackClock "0:00:12"]

1. e4 c5 2. Nf3 Nc6 3. Bb5 e6 4. O-O Nge7 5. Re1 Nd4 6. Nxd4 cxd4 7. c3 a6 8. Ba4 b5 9. Bb3 Nc6 10. cxd4 Nxd4 11. Nc3 Bc5 12. d3 O-O 13. Be3 f5 14. Rc1 f4 15. Bxd4 Bxd4 16. Qf3 Qb6 17. Nd5 exd5 18. Bxd5+ Kh8 19. Bxa8 d6 20. Bd5 g5 21. h3 Qa7 22. e5 dxe5 23. Be4 Qg7 24. Qh5 g4 25. hxg4 Bxg4 26. Qh4 f3 27. g3 h5 28. Rc6 Rg8 29. Rg6 Qf8 30. Rxg4 Bxf2+ 31. Kxf2 Qc5+ 32. Kxf3 Rf8+ 33. Rf4 exf4 34. g4 Qb4 35. Qxh5+ Kg7 36. Qg6+ 1-0


[Site "https://www.chess.com"]

[Event "Titled Tuesday Blitz December 13 Late 2022"]
[White "Bettalli, Francesco"]
[Black "Fernandez De La Vara, Arnaldo"]
[WhiteFideId "2816453"]
[BlackFideId "3518388"]
[WhiteElo "2216"]
[BlackElo "2387"]
[Result "0-1"]
[Round "09"]
[TimeControl "180+1"]
[Date "2022.12.14"]
[WhiteClock "0:01:48"]
[BlackClock "0:00:37"]

1. d4 c5 2. d5 Nf6 3. c4 b5 4. Nc3 b4 5. Nb1 e6 6. Nf3 Bb7 7. dxe6 fxe6 8. Bf4 Nc6 9. Bd6 Bxd6 10. Qxd6 Qe7 11. Qxe7+ Kxe7 12. Nbd2 Ng4 13. e3 Rad8 14. Nb3 d6 15. Be2 Rhf8 16. O-O Nce5 17. Nxe5 Nxe5 18. f4 Nc6 19. Rad1 a5 20. a4 bxa3 21. bxa3 a4 22. Nc1 Na5 23. Na2 Ba6 24. Rc1 Rb8 25. Rf2 Rb3 26. Rc3 Rfb8 27. Bd1 Rb1 28. Nc1 Ra1 29. Bxa4 Nxc4 30. h4 Rbb1 31. Rfc2 Nxa3 32. Ra2 Rxc1+ 33. Rxc1 Rxa2 34. Bb3 Rb2 35. Bd1 Rb1 36. Rxb1 Nxb1 37. Bc2 Nc3 38. Bxh7 d5 39. g4 Ne4 40. Kg2 c4 41. Kf3 c3 42. f5 c2 43. fxe6 c1=Q 0-1


[Site "https://www.chess.com"]

[Event "Titled Tuesday Blitz December 13 Late 2022"]
[White "Blanco Acevedo, Cristobal Jose"]
[Black "Barria Zuniga, Daniel"]
[WhiteFideId "3900525"]
[BlackFideId "3400816"]
[WhiteElo "2510"]
[BlackElo "2668"]
[Result "0-1"]
[Round "09"]
[TimeControl "180+1"]
[Date "2022.12.14"]
[WhiteClock "0:00:08"]
[BlackClock "0:00:10"]

1. e4 c5 2. Nf3 Nc6 3. d4 cxd4 4. Nxd4 e6 5. Nxc6 bxc6 6. Bd3 Ne7 7. O-O Ng6 8. f4 Be7 9. Qe2 O-O 10. c4 f5 11. e5 d6 12. exd6 Bxd6 13. Nc3 Qc7 14. g3 e5 15. fxe5 Nxe5 16. Bf4 Bd7 17. Rad1 Rae8 18. Qg2 Ng4 19. c5 Bxf4 20. Rxf4 Ne3 21. Bc4+ Kh8 22. Qh3 g5 23. Rfd4 Nxd1 24. Rxd1 Bc8 25. Qh6 Qg7 26. Qxc6 f4 27. Qd6 fxg3 28. hxg3 Bf5 29. Qd4 h5 30. Qxg7+ Kxg7 31. c6 Re3 32. Kh2 Bg4 33. Rd2 Re1 34. Bd5 Ref1 35. Bg2 R1f2 36. Rxf2 Rxf2 37. Kg1 Rxb2 38. c7 Rc2 39. Nb5 a6 40. Nd4 Rxc7 41. Bf3 Rc3 42. Bxg4 hxg4 43. Nf5+ Kf6 44. Nd6 Rxg3+ 45. Kf2 Ra3 46. Nc4 Rxa2+ 47. Kg3 Ra4 48. Nb6 Rd4 49. Nc8 Ke5 50. Nb6 a5 51. Na4 Rxa4 52. Kf2 Rb4 53. Ke3 Kf5 54. Kd2 Rf4 55. Kc3 g3 56. Kd3 g2 57. Ke2 g1=Q 58. Kd2 Qg3 59. Ke2 Rf2+ 60. Ke1 Qg1# 0-1


[Site "https://www.chess.com"]

[Event "Titled Tuesday Blitz December 13 Late 2022"]
[White "Bogaudinov, Rushan"]
[Black "De Souza, Cristiano Gomes"]
[WhiteFideId "4129288"]
[BlackFideId "2151758"]
[WhiteElo "2028"]
[BlackElo "2068"]
[Result "1-0"]
[Round "09"]
[TimeControl "180+1"]
[Date "2022.12.14"]
[WhiteClock "0:00:30"]
[BlackClock "0:00:28"]

1. a3 Nf6 2. d4 g6 3. c4 Bg7 4. b4 O-O 5. Bb2 d6 6. Nc3 Nbd7 7. e4 c5 8. bxc5 dxc5 9. Nf3 cxd4 10. Qxd4 Ng4 11. Qd2 Nde5 12. Qxd8 Rxd8 13. Nxe5 Nxe5 14. Rd1 Rxd1+ 15. Kxd1 Be6 16. Nd5 Bxd5 17. cxd5 Ng4 18. Bxg7 Nxf2+ 19. Ke1 Nxh1 20. Bd4 Rc8 21. Kd2 b6 22. Be2 e6 23. Bf3 exd5 24. exd5 Kf8 25. g3 Nxg3 26. hxg3 Ke7 27. Bc3 f5 28. Bb4+ Kf6 29. Be2 Ke5 30. d6 a5 31. d7 Rd8 32. Bc3+ Ke4 33. Bb5 Kf3 34. Be5 Ke4 35. Bc7 Rxd7+ 36. Bxd7 g5 37. Bxb6 f4 38. gxf4 gxf4 39. Bxa5 h5 40. Bb6 f3 41. Ke1 h4 42. Kf2 Kd3 43. Kxf3 Kc4 44. a4 Kb4 45. Bc7 h3 46. a5 h2 47. Kg2 Kc5 48. Kxh2 1-0


[Site "https://www.chess.com"]

[Event "Titled Tuesday Blitz December 13 Late 2022"]
[White "Bortnyk, Olexandr"]
[Black "Holt, Conrad"]
[WhiteFideId "14120828"]
[BlackFideId "2034387"]
[WhiteElo "2723"]
[BlackElo "2592"]
[Result "1-0"]
[Round "09"]
[TimeControl "180+1"]
[Date "2022.12.13"]
[WhiteClock "0:00:04"]
[BlackClock "0:00:01"]

1. e4 e6 2. d4 d5 3. Nc3 Nf6 4. Qd3 dxe4 5. Nxe4 Nbd7 6. Nf3 c5 7. c3 b6 8. Nxf6+ Nxf6 9. Bg5 Be7 10. dxc5 Qxd3 11. Bxd3 bxc5 12. Bb5+ Bd7 13. Bxd7+ Nxd7 14. O-O-O f6 15. Bf4 e5 16. Be3 Nb6 17. Nd2 Kf7 18. Ne4 Rac8 19. g4 h5 20. h3 Nc4 21. gxh5 Ke6 22. Rdg1 Rcg8 23. Nxc5+ Kf5 24. Nd3 Nxe3 25. fxe3 Rxh5 26. Kd2 g5 27. Ke2 Rgh8 28. Nf2 Ke6 29. Rd1 f5 30. c4 e4 31. Rd5 g4 32. Ra5 g3 33. Nd1 Rxh3 34. Rg1 Rh2+ 35. Kf1 Rd2 36. Ra6+ Ke5 37. Nc3 1-0


[Site "https://www.chess.com"]

[Event "Titled Tuesday Blitz December 13 Late 2022"]
[White "Brown, Andrew"]
[Black "Adel, Sara"]
[WhiteFideId "3206513"]
[BlackFideId "10616764"]
[WhiteElo "2245"]
[BlackElo "1997"]
[Result "1-0"]
[Round "09"]
[TimeControl "180+1"]
[Date "2022.12.14"]
[WhiteClock "0:00:06"]
[BlackClock "0:00:19"]

1. d4 Nf6 2. c4 g6 3. Nc3 Bg7 4. e4 d6 5. g3 Nc6 6. Bg2 e5 7. d5 Ne7 8. Nge2 O-O 9. O-O Nh5 10. h3 f5 11. exf5 gxf5 12. f4 e4 13. Kh2 Qe8 14. Be3 Qg6 15. Bd4 Bh6 16. Qe1 Kf7 17. Nxe4 fxe4 18. f5 Qg5 19. h4 Qg8 20. Bxe4 Nf6 21. Nf4 Ng4+ 22. Kh3 Ke8 23. Ne6 Bxe6 24. fxe6 Ng6 25. Rxf8+ Bxf8 26. Qf1 N6e5 27. Qf5 Bg7 28. Rf1 Ke7 29. Qxh7 Qxh7 30. Bxh7 Rf8 31. Bf5 Nh6 32. g4 Rg8 33. g5 Nxf5 34. Rxf5 Nxc4 35. Rf7+ Ke8 36. Rxg7 Rxg7 37. Bxg7 Ne3 38. h5 Nxd5 39. h6 Nf4+ 40. Kg4 Nxe6 41. h7 Nxg7 42. h8=Q+ Kf7 43. Qc8 Ne6 44. Qd7+ 1-0


[Site "https://www.chess.com"]

[Event "Titled Tuesday Blitz December 13 Late 2022"]
[White "Bryant, Todd"]
[Black "Adewumi, Tanitoluwa"]
[WhiteFideId "2031299"]
[BlackFideId "30966396"]
[WhiteElo "2344"]
[BlackElo "2477"]
[Result "1-0"]
[Round "09"]
[TimeControl "180+1"]
[Date "2022.12.14"]
[WhiteClock "0:00:22"]
[BlackClock "0:00:02"]

1. e4 c5 2. Nf3 e6 3. d4 cxd4 4. Nxd4 Nc6 5. Nc3 Qc7 6. Be3 a6 7. Qd2 Nf6 8. O-O-O Be7 9. f3 b5 10. Nxc6 Qxc6 11. g4 b4 12. Ne2 Qa4 13. Kb1 d6 14. Nd4 Bb7 15. Bc4 Rc8 16. Bb3 Qa5 17. g5 Nd7 18. h4 Ne5 19. h5 d5 20. Bf4 Nc4 21. Bxc4 dxc4 22. Nxe6 fxe6 23. Qd7+ Kf8 24. Qxb7 Qc5 25. h6 g6 26. Rd7 Ke8 27. Rxe7+ Qxe7 28. Qxc8+ Qd8 1-0


[Site "https://www.chess.com"]

[Event "Titled Tuesday Blitz December 13 Late 2022"]
[White "Buchenau, Frank"]
[Black "Estrada Nieto, Julian"]
[WhiteFideId "4604350"]
[BlackFideId "5101018"]
[WhiteElo "2157"]
[BlackElo "2195"]
[Result "1/2-1/2"]
[Round "09"]
[TimeControl "180+1"]
[Date "2022.12.14"]
[WhiteClock "0:00:04"]
[BlackClock "0:00:12"]

1. e4 e5 2. Bc4 Nf6 3. d3 Nc6 4. Nf3 Bc5 5. O-O d6 6. c3 a6 7. Bb3 Ba7 8. Nbd2 h6 9. Re1 O-O 10. Nf1 Re8 11. Ng3 Be6 12. Bxe6 Rxe6 13. d4 d5 14. exd5 Qxd5 15. dxe5 Qxd1 16. Rxd1 Nxe5 17. Nxe5 Rxe5 18. Bf4 Rb5 19. Rd2 Bb6 20. Rad1 Re8 21. c4 Rc5 22. b3 Rc6 23. h3 Ne4 24. Nxe4 Rxe4 25. Bg3 Rce6 26. Kf1 Ba5 27. f3 Bxd2 28. fxe4 Ba5 29. Rd5 Bc3 30. Rd7 Rxe4 31. Rxc7 b6 32. Rc8+ Kh7 33. Rc6 Bd4 34. b4 f5 35. c5 bxc5 36. bxc5 f4 37. Bf2 Bxf2 38. Kxf2 Ra4 39. Kf3 Rxa2 40. Kxf4 Rxg2 41. Rxa6 Rh2 42. Kg3 Rc2 43. c6 Kg6 44. h4 Kf5 45. Ra5+ Ke6 46. Ra7 g6 47. Rh7 h5 48. c7 Kf5 49. Rf7+ Ke6 50. Rh7 Kf5 51. Rf7+ Ke6 52. Rh7 1/2-1/2


[Site "https://www.chess.com"]